 Dungeon Crawl Stone Soup version 0.18.1-8-gdd0e5ea (webtiles) character file.

16732 Gagarin the Cleaver (level 12, -1/181 HPs)
             Began as a Hill Orc Fighter on May 31, 2016.
             Was the Champion of Okawaru.
             Slain by an orc knight
             ... wielding a +0 glaive
              (12 damage)
             ... on level 2 of the Orcish Mines.
             The game lasted 00:58:38 (15063 turns).

Gagarin the Cleaver (Hill Orc Fighter)             Turns: 15063, Time: 00:58:39

Health: -1/181     AC: 25    Str: 29    XL:     12   Next: 40%
Magic:  12/12      EV: 12    Int: 13    God:    Okawaru [******]
Gold:   612        SH:  0    Dex: 12    Spells: 0 memorised, 11 levels left

rFire  . . .     SeeInvis .     a - +0 war axe
rCold  + . .     Gourm    .     T - +5 chain mail of the Gloaming {Dex+2 Slay+2}
rNeg   . . .     Faith    .     (no shield)
rPois  +         Spirit   .     V - +0 helmet
rElec  .         Dismiss  .     Y - +0 cloak of Untold Secrets {+Blink Int+5 Slay+3}
rCorr  .         Reflect  .     U - +0 pair of gloves
SustAt .         Harm     .     B - +0 pair of boots
MR     .....                    (no amulet)
Stlth  ..........               (no ring)
                                R - ring of poison resistance

@: berserking (expiring), very quick, not resistant to hostile enchantments,
extremely unstealthy
A: iridescent scales 1, cold resistance 1, robust 1, subdued magic 1
a: Heroism, Finesse, Renounce Religion, Evoke Blink


You were on level 2 of the Orcish Mines.
You worshipped Okawaru.
Okawaru was exalted by your worship.
You were not hungry.

You visited 4 branches of the dungeon, and saw 15 of its levels.
You also visited: Sewer.

You collected 1155 gold pieces.
You spent 543 gold pieces at shops.

Inventory:

Hand Weapons
 a - a +0 war axe (weapon)
 p - a +0 blowgun
 x - a +2 hunting sling of velocity
 E - a +1 hand axe of draining
 H - a +0 battleaxe
Missiles
 C - 83 sling bullets
 L - 7 javelins (quivered)
Armour
 r - a +1 cloak
 B - a +0 pair of boots (worn)
 T - the +5 chain mail of the Gloaming (worn) {Dex+2 Slay+2}
   (You found it on level 10 of the Dungeon)

   It affects your dexterity (+2).
   It affects your accuracy and damage with ranged weapons and melee attacks
   (+2).
 U - a +0 pair of gloves (worn)
 V - a +0 helmet (worn)
 Y - the +0 cloak of Untold Secrets (worn) {+Blink Int+5 Slay+3}
   (Okawaru gifted it to you on level 1 of the Orcish Mines)

   It affects your intelligence (+5).
   It affects your accuracy and damage with ranged weapons and melee attacks
   (+3).
   It lets you blink.
Jewellery
 R - a ring of poison resistance (left hand)
 W - an uncursed ring of fire
Wands
 J - a wand of teleportation (4/9)
 M - a wand of confusion (18/48)
Scrolls
 e - a scroll of immolation {unknown}
 g - 4 scrolls of identify
 j - a scroll of summoning {unknown}
 n - a scroll of recharging {unknown}
 o - 2 scrolls of remove curse
 v - 3 scrolls of fear
 w - 4 scrolls of teleportation
 y - a scroll of magic mapping
 D - a scroll of torment {unknown}
 K - 2 scrolls of fog {unknown}
 N - a scroll of vulnerability {unknown}
 P - a scroll of holy word
 Q - a scroll of noise {unknown}
 X - 3 scrolls of blinking {unknown}
 Z - a scroll of silence {unknown}
Potions
 h - 2 potions of cure mutation {unknown}
 i - 2 potions of invisibility {unknown}
 k - 2 potions of haste {unknown}
 q - a potion of might
 s - 2 potions of curing
 t - a potion of brilliance {unknown}
 z - a potion of magic {unknown}
 F - 2 potions of lignification
Books
 b - a book of Battle

   Spells                             Type                      Level
   a - Infusion                       Charms                       1
   b - Shroud of Golubria             Charms/Translocation         2
   c - Song of Slaying                Charms                       2
   d - Spectral Weapon                Hexes/Charms                 3
   e - Regeneration                   Charms/Necromancy            3
 l - a book of Frost

   Spells                             Type                      Level
   a - Freeze                         Ice                          1
   b - Throw Frost                    Conjuration/Ice              2
   c - Ozocubu's Armour               Charms/Ice                   3
   d - Throw Icicle                   Conjuration/Ice              4
   e - Summon Ice Beast               Ice/Summoning                4
 I - a book of Misfortune

   Spells                             Type                      Level
   a - Confusing Touch                Hexes                        2
   b - Confuse                        Hexes                        3
   c - Gell's Gravitas                Hexes/Translocation          3
   d - Petrify                        Transmutation/Earth          4
   e - Metabolic Englaciation         Hexes/Ice                    5
   f - Yara's Violent Unravelling     Hexes/Transmutation          5
 O - a book of Debilitation

   Spells                             Type                      Level
   a - Corona                         Hexes                        1
   b - Slow                           Hexes                        2
   c - Gell's Gravitas                Hexes/Translocation          3
   d - Inner Flame                    Hexes/Fire                   3
   e - Cause Fear                     Hexes                        4
   f - Leda's Liquefaction            Hexes/Earth                  4
Comestibles
 c - 22 chunks of flesh
 f - 7 bread rations
 m - 3 meat rations
 u - 7 slices of pizza
 A - 6 beef jerkies
 S - a royal jelly


   Skills:
 + Level 11.4 Fighting
 + Level 12.8 Axes
 + Level 1.5 Slings
 + Level 8.8 Armour
 + Level 7.7 Dodging
 + Level 1.8 Stealth
   Level 9.6 Shields
 + Level 1.1 Invocations
 + Level 1.0 Evocations


You had 11 spell levels left.
You didn't know any spells.

Dungeon Overview and Level Annotations

Branches:
Dungeon (11/15)            Temple (1/1) D:4            Lair (1/8) D:11
    Orc (2/2) D:10            Elf (0/3) Orc:2

Altars:
Ashenzari
Dithmenos
Elyvilon
Gozag
Kikubaaqudgha
Makhleb
Nemelex Xobeh
Okawaru
Pakellas
Qazlal
Vehumet
Xom
Yredelemnul
Zin
The Shining One

Shops:
D:9 *   D:10 [   Orc:1 }!=[*

Annotations:
D:7 ThereIsNoGod's ghost, novice TrFi
Orc:2 Sonja


Innate Abilities, Weirdness & Mutations

You are partially covered in iridescent scales (AC +4).
Your flesh is cold resistant.
You are robust (+10% HP).
Your spells are a little easier to cast, but a little less powerful.


Message History

You completely miss the orc knight.
The orc knight is heavily wounded.
The orc warrior hits you with a halberd.
* * * LOW HITPOINT WARNING * * *
You slash the orc warrior!
The orc warrior is almost dead.
You barely miss the orc knight.
The orc knight is heavily wounded.
The orc knight closely misses you.
You slash the orc warrior!
You kill the orc warrior!
Okawaru accepts your kill.
You closely miss the orc knight.
The orc knight is heavily wounded.
You slash the orc knight!
The orc knight is severely wounded.
You slice the orc knight!!
The orc knight is almost dead.
The orc knight hits you with a glaive!
You die...

.# .. ## .( #####.##
o. ##.##...# ##(#
##o.....# ###..(
##@#.##.## ##.#...
#..).##..#####...(..
#..........##.#.))...
##........##.....)...
#..#......#.........
.......>.............
##..$................
###.................
#####.............


You could see an orc knight.

Vanquished Creatures
  2 stone giants
  2 hill giants
  An orc knight (Orc:1)
  2 orc sorcerers
  A manticore (D:11)
  3 gargoyles
  2 centaur skeletons (D:10)
  A komodo dragon (D:11)
  3 trolls
  A wraith (D:11)
  5 yaks
  2 hogs (D:8)
  A human (D:8)
  A hippogriff (D:8)
  A warg (Orc:1)
  A soldier ant (D:11)
  2 water moccasins
  17 orc warriors
  2 ice beasts
  3 sky beasts
  A phantom (D:9)
  2 black bears
  2 necrophages
  8 ogres
  A crocodile (Sewer)
  11 centaurs
  7 giant frogs
  Blork the orc (D:6)
  A gnoll sergeant (D:10)
  A wyvern skeleton (D:11)
  11 killer bees
  2 scorpions
  3 wights (D:8)
  2 crimson imps
  9 howler monkeys
  4 giant frog zombies
  3 centaur zombies
  4 hounds
  3 jellies
  15 orc priests
  10 orc wizards
  2 giant frog skeletons (D:4)
  3 iguanas
  8 worker ants
  A sheep (D:8)
  2 hound zombies
  2 hound skeletons
  A howler monkey zombie (D:7)
  A howler monkey skeleton (D:7)
  13 adders
  3 gnolls (D:10)
  2 river rats (D:3)
  2 shadow imps
  5 adder zombies
  3 adder skeletons
  4 worms
  5 giant geckos
  57 orcs
  5 giant cockroaches
  11 goblins
  6 hobgoblins
  14 jackals
  10 kobolds
  5 quokkas
  2 ball pythons
  15 bats
  2 giant cockroach zombies (D:4)
  2 giant gecko skeletons (D:4)
  7 giant newts
  10 rats
  3 plants (D:11)
360 creatures vanquished.

Notes
Turn   | Place    | Note
--------------------------------------------------------------
     0 | D:1      | Gagarin the Hill Orc Fighter began the quest for the Orb.
     0 | D:1      | Reached XP level 1. HP: 19/19 MP: 1/1
   285 | D:1      | Reached XP level 2. HP: 25/27 MP: 2/2
   735 | D:1      | Reached XP level 3. HP: 20/33 MP: 3/3
  1290 | D:2      | Found an opulent altar of Gozag.
  1510 | D:2      | Reached skill level 3 in Axes
  1629 | D:3      | Reached XP level 4. HP: 33/40 MP: 4/4
  1674 | D:3      | Reached skill level 1 in Dodging
  1903 | D:3      | Found a burning altar of Makhleb.
  1922 | D:3      | Reached XP level 5. HP: 26/47 MP: 5/5
  2198 | D:3      | Found a glowing drain.
  2219 | Sewer    | Entered a sewer
  2255 | Sewer    | Noticed a crocodile
  2274 | Sewer    | Killed a crocodile
  2274 | Sewer    | Reached XP level 6. HP: 25/55 MP: 6/6
  2846 | D:4      | Reached skill level 4 in Axes
  2851 | D:4      | Reached skill level 5 in Fighting
  3080 | D:4      | Reached skill level 5 in Shields
  3096 | D:4      | Reached XP level 7. HP: 54/61 MP: 7/7
  3197 | D:4      | Reached skill level 5 in Armour
  3685 | D:4      | Reached skill level 5 in Axes
  3842 | D:4      | Found a staircase to the Ecumenical Temple.
  3866 | Temple   | Entered the Ecumenical Temple
  3903 | Temple   | Became a worshipper of Warmaster Okawaru
  4053 | D:5      | Entered Level 5 of the Dungeon
  4496 | D:5      | Reached XP level 8. HP: 54/70 MP: 8/8
  4990 | D:5      | Reached * piety under Okawaru
  4990 | D:5      | Reached skill level 6 in Axes
  5230 | D:6      | Noticed Blork the orc
  5243 | D:6      | Killed Blork the orc
  5337 | D:6      | Found an ancient bone altar of Kikubaaqudgha.
  5473 | D:6      | Got a distressingly furry leather armour
  5484 | D:6      | Identified the +2 leather armour of the Midnight Sun {Stlth+} (You found it on level 6 of the Dungeon)
  6750 | D:8      | Noticed a yak
  6760 | D:8      | Reached XP level 9. HP: 55/79 MP: 9/9
  7086 | D:8      | Reached skill level 7 in Axes
  7204 | D:8      | Reached skill level 1 in Stealth
  7213 | D:8      | Reached ** piety under Okawaru
  7701 | D:8      | Reached skill level 1 in Invocations
  7713 | D:8      | Gained mutation: You are robust (+10% HP). [potion of mutation]
  7713 | D:8      | Gained mutation: Your magical capacity is low (-10% MP). [potion of mutation]
  7713 | D:8      | Gained mutation: You are partially covered in iridescent scales (AC +4). [potion of mutation]
  8081 | D:8      | Reached skill level 5 in Dodging
  8401 | D:8      | Noticed a gargoyle
  8467 | D:7      | Reached XP level 10. HP: 35/97 MP: 9/9
  9337 | D:7      | Noticed ThereIsNoGod's ghost (novice TrFi)
  9369 | D:8      | Killed a gargoyle
  9369 | D:8      | Reached skill level 8 in Axes
  9434 | D:8      | Reached skill level 1 in Slings
  9633 | D:8      | Reached *** piety under Okawaru
 10033 | D:9      | Found an oddly glowing altar of Pakellas.
 10393 | D:9      | Found Pirphaa's Assorted Antiques.
 10460 | D:10     | Entered Level 10 of the Dungeon
 10545 | D:10     | Noticed a gargoyle
 10576 | D:10     | Killed a gargoyle
 10576 | D:10     | Reached skill level 9 in Axes
 10868 | D:10     | Found a staircase to the Orcish Mines.
 10896 | D:10     | Noticed a hill giant
 10917 | D:10     | Killed a hill giant
 10917 | D:10     | Reached **** piety under Okawaru
 11059 | D:10     | Got a pitted chain mail
 11060 | D:10     | Identified the +5 chain mail of the Gloaming {Dex+2 Slay+2} (You found it on level 10 of the Dungeon)
 11175 | D:10     | Reached XP level 11. HP: 63/106 MP: 10/10
 11498 | D:10     | Gained mutation: You evolve. [potion of mutation]
 11498 | D:10     | Gained mutation: Your spells are a little easier to cast, but a little less powerful. [potion of mutation]
 12039 | D:10     | Gained mutation: Your flesh is cold resistant. [evolution]
 12066 | D:10     | Found Ohonwut's Armour Emporium.
 12072 | D:10     | Bought a +0 helmet for 67 gold pieces
 12490 | D:11     | Found a staircase to the Lair.
 12507 | D:11     | Reached ***** piety under Okawaru
 12507 | D:11     | Reached skill level 10 in Axes
 12892 | D:11     | Noticed a hill giant
 12907 | D:11     | Killed a hill giant
 12907 | D:11     | Reached skill level 10 in Fighting
 13284 | D:11     | Noticed a manticore
 13291 | D:11     | Killed a manticore
 13342 | Lair:1   | Entered Level 1 of the Lair of Beasts
 13345 | Lair:1   | Noticed a four-headed hydra
 13390 | Orc:1    | Entered Level 1 of the Orcish Mines
 13390 | Orc:1    | Noticed a stone giant
 13647 | D:10     | Killed a stone giant
 13647 | D:10     | Reached skill level 11 in Axes
 13851 | Orc:1    | Found Xadottam's Distillery.
 13868 | Orc:1    | Found Deamewi's Jewellery Emporium.
 13876 | Orc:1    | Bought a potion of heal wounds for 70 gold pieces
 13876 | Orc:1    | Bought a potion of berserk rage for 70 gold pieces
 13876 | Orc:1    | Bought a potion of might for 56 gold pieces
 13878 | Orc:1    | Found Wydwobbe's Assorted Antiques.
 13883 | Orc:1    | Bought an uncursed ring of poison resistance for 280 gold pieces
 14005 | Orc:1    | Found Hilank's Antique Armour Emporium.
 14041 | Orc:1    | Found Gevaec's Gadget Emporium.
 14215 | Orc:1    | Lost mutation: Your magical capacity is low (-10% MP). [evolution]
 14215 | Orc:1    | Lost mutation: You evolve. [end of evolution]
 14229 | Orc:1    | Noticed an orc sorcerer
 14230 | Orc:1    | Noticed an orc knight
 14239 | Orc:1    | Noticed a sun demon
 14247 | Orc:1    | Killed an orc sorcerer
 14247 | Orc:1    | Reached XP level 12. HP: 118/118 MP: 9/12
 14251 | Orc:1    | Reached ****** piety under Okawaru
 14251 | Orc:1    | Received a gift from Okawaru
 14251 | Orc:1    | Reached skill level 12 in Axes
 14258 | Orc:1    | Got a polished cloak {god gift}
 14288 | Orc:1    | Identified the +0 cloak of Untold Secrets {+Blink Int+5 Slay+3} (Okawaru gifted it to you on level 1 of the Orcish Mines)
 14590 | Orc:2    | Entered Level 2 of the Orcish Mines
 14590 | Orc:2    | Noticed a stone giant
 14601 | Orc:2    | Killed a stone giant
 14911 | Orc:2    | Noticed Sonja
 14974 | Orc:2    | Found a staircase to the Elven Halls.
 15004 | Orc:2    | HP: 5/181 [orc warrior/halberd[an orc knight] (20)]
 15049 | Orc:2    | Paralysed by an orc sorcerer for 4 turns
 15056 | Orc:2    | Reached skill level 1 in Evocations
 15063 | Orc:2    | Slain by an orc knight

Skill      XL: |  1  2  3  4  5  6  7  8  9 10 11 12 |
---------------+-------------------------------------+-----
Fighting       | 4 5 6 7 8 9 10 11 | 11.4
Shields        | 4 5 6 8 9 |  9.6
Axes           | 3 4 5 6 7 9 11 12 | 12.8
Armour         | 4 5 6 8 |  8.8
Dodging        | 1 2 3 5 6 7 |  7.7
Stealth        | 1 |  1.8
Invocations    | 1 |  1.1
Slings         | 1 |  1.5
Evocations     | 1 |  1.0

Action                   |  1- 3 |  4- 6 |  7- 9 | 10-12 || total
-------------------------+-------+-------+-------+-------++-------
Melee: War axe           |   148 |   166 |   517 |   280 ||  1111
       Battleaxe         |       |       |       |   361 ||   361
       Broad axe         |       |       |       |     4 ||     4
 Fire: Hunting sling     |       |     7 |     4 |    26 ||    37
Invok: Heroism           |       |       |     3 |     3 ||     6
Evoke: Wand              |       |       |     3 |     5 ||     8
  Use: Potion            |       |     1 |     4 |    12 ||    17
       Scroll            |       |       |     5 |     9 ||    14
 Stab: Sleeping          |       |       |     3 |     1 ||     4
  Eat: Chunk             |     3 |     5 |    15 |    18 ||    41
       Pizza             |       |       |     2 |       ||     2
       Meat ration       |       |       |       |     1 ||     1
Armor: Scale mail        |    79 |    96 |    88 |       ||   263
       Leather armour    |       |       |   102 |    88 ||   190
       Chain mail        |       |       |       |   286 ||   286
       Skin              |       |       |       |    12 ||    12
Dodge: Dodged            |    47 |    67 |   208 |   330 ||   652
Block: Shield            |    93 |   102 |   290 |   188 ||   673
